 Dungeon Crawl Stone Soup version 0.30-a0-782-ge64f9170bb (webtiles) character file.

Game seed: 15278065946655669385

4 Dirtsage the Charlatan (level 1, 0/13 HPs)
             Began as an Octopode Artificer on Feb 23, 2023.
             Killed from afar by a dart slug (5 damage)
             ... with a slug dart
             ... on level 1 of the Dungeon.
             The game lasted 00:00:53 (131 turns).

Dirtsage the Charlatan (Octopode Artificer)          Turns: 131, Time: 00:00:54

Health: 0/13       AC:  1    Str: 11    XL:     1   Next: 60%
Magic:  1/1        EV: 13    Int: 13    God:
Gold:   36         SH:  0    Dex: 12    Spells: 0/0 levels left

rFire   . . .      SeeInvis .    a - +0 club
rCold   . . .      Faith    .    (no shield)
rNeg    . . .      Spirit   .    (helmet restricted)
rPois   .          Reflect  .    (no amulet)
rElec   .          Harm     .    (no ring)
rCorr   .          Rampage  .    (no ring)
Will    .....                    (no ring)
Stlth   +++                      (no ring)
HPRegen 0.22/turn                (no ring)
MPRegen 0.07/turn                (no ring)
                                 (no ring)
                                 (no ring)

@: no status effects
A: almost no armour, amphibious, 8 rings, camouflage 1, gelatinous body 1,
(nimble swimmer 1), tentacles
a: no special abilities


You were on level 1 of the Dungeon.
You visited 1 branch of the dungeon, and saw 1 of its levels.

You collected 36 gold pieces.

Inventory:

Hand Weapons
 a - a +0 club (weapon)
Wands
 b - a wand of flame (15) (quivered)
 c - a wand of charming (15)
 d - a wand of iceblast (5)
Scrolls
 e - a scroll of identify {unknown}
 f - a scroll of fog {unknown}
 g - a scroll of summoning {unknown}
 h - a scroll of amnesia {unknown}


   Skills:
 - Level 1.0 Fighting
 - Level 2.3 Dodging
 - Level 1.3 Stealth
 + Level 1.1 Unarmed Combat
 - Level 3.2 Evocations


You couldn't memorise any spells.
You didn't know any spells.
Your spell library was empty.

Dungeon Overview and Level Annotations

Branches:
Dungeon (1/15)

Altars:


Innate Abilities, Weirdness & Mutations

You cannot wear most types of armour.
You are amphibious.
You can wear up to eight rings at the same time.
Your skin changes colour to match your surroundings (Stealth+).
Your rubbery body absorbs attacks. (AC +1, EV +1)
((You are camouflaged when in or above water. (Stealth+)))
You have tentacles for arms and can constrict up to eight enemies at once.


Message History

You closely miss the rat. You grab the rat. You constrict the rat.
The rat bites you. The rat closely misses you.
You take 2 damage, and have 7/13 hp.
You are too injured to fight recklessly!
You are too injured to fight recklessly!
You are too injured to fight recklessly!
You are too injured to fight recklessly!
You are too injured to fight recklessly!
You hit the rat.
You kill the rat!
Your Unarmed Combat skill increases to level 1!
You see here a rat corpse.
You now have 36 gold pieces (gained 10).
HP restored.
You see here a rat corpse.
A dart slug comes into view.
Health restored: 13 A dart slug is nearby!
A rat comes into view.
The rat barely misses you. The dart slug launches a dart at you.
The slug dart hits you.
You hit the rat.
You kill the rat!
The dart slug bites you.
You are too injured to fight recklessly!
You take 6 damage, and have 7/13 hp.
MASSIVE DAMAGE!!
You are too injured to fight recklessly!
You are too injured to fight recklessly!
You are too injured to fight recklessly!
You are too injured to fight recklessly!
You barely miss the dart slug. You grab the dart slug.
You constrict the dart slug. The dart slug bites you.
You take 2 damage, and have 5/13 hp.
You hit the dart slug.
The dart slug is heavily wounded.
You constrict the dart slug. The dart slug launches a dart at you.
The slug dart hits you.
You die...

#.........
#.........
#.........
#......... ..
#...?..... ...
###......... ....
#...w.......
....##.#.@.......
...>...#.........
.......##.#######
.().#..##.#
........#.#
..#..#††#.##
#..#.....##
##.....?..######
......##..........


You could see a dart slug.

Vanquished Creatures
  A quokka (D:1)
  A frilled lizard (D:1)
  A kobold (D:1)
  2 rats (D:1)
5 creatures vanquished.

Notes
Turn   | Place    | Note
-------+----------+-------------------------------------------
     0 | D:1      | Dirtsage the Octopode Artificer began the quest for the
                  | Orb.
     0 | D:1      | Reached XP level 1. HP: 13/13 MP: 1/1
    97 | D:1      | Reached skill level 1 in Unarmed Combat
   131 | D:1      | Killed from afar by a dart slug

Illustrated notes

Levels and vault maps discovered:
D:1:      dpeg_arrival_snail, layout_basic

Skill      XL: |  1 |
---------------+----+-----
Unarmed Combat | 1 |  1.1
Fighting       | |  1.0
Dodging        | |  2.3
Stealth        | |  1.3
Evocations     | |  3.2

Action                     || total
---------------------------++-------
  Melee: Club              ||    11
         Constrict         ||     4
         Tentacles         ||     1
  Dodge: Dodged            ||     9

Table legend: (Time is in decaauts)
 A = Elapsed time spent in this place.
 B = Non-inter-level travel time spent in this place.
 C = Inter-level travel time spent in this place.
 D = Time resting spent in this place.
 E = Time spent auto-exploring this place.
 F = Levels seen in this place.
 G = Mean time per level.
                   A        B        C        D        E       F      G
               +--------+--------+--------+--------+--------+-----+--------+
         Total |    134 |    134 |      0 |      0 |     97 |   1 |  134.0 |
       Dungeon |    134 |    134 |      0 |      0 |     97 |   1 |  134.0 |
               +--------+--------+--------+--------+--------+-----+--------+

Top non-repeatable levels by time:
     D:1: 134 daAuts
